[Event "Late-Titled-Tuesday-Blitz-June-18-2024"]
[Site "Chess.com"]
[Date "2024.06.18"]
[Round "2"]
[White "Roland_Garros_2024"]
[Black "betta2004"]
[Result "1-0"]
[WhiteElo "2220"]
[BlackElo "2466"]
[TimeControl "180+1"]
[EndTime "14:20:17 PDT"]
[Termination "Roland_Garros_2024 won by resignation"]

1. e4 e6 2. d4 d5 3. Nc3 dxe4 4. Nxe4 Nf6 5. Nxf6+ gxf6 6. Nf3 a6 7. g3 b5 8. Bg2 Bb7 9. O-O Nd7 10. Re1 Nb6 11.
b3 Qd7 12. Bb2 Bg7 13. Rc1 O-O 14. c4 bxc4 15. bxc4 Rfd8 16. Qe2 Rab8 17. Ba1 Qa4 18. Red1 f5 19. Ne5 Bxg2 20. Kxg2 Bxe5 21. Qxe5 Nd7 22. Qf4 Nf8 23. Qg5+ Ng6 24. h4 Qd7 25. h5 Qe7 26. Qh6 Qf8 27. Qd2 Ne7 28. d5 f6 29. Qe2 e5 30. Rh1 Qf7 31. h6 Nc8 32. g4 fxg4 33.
Rh4 Kh8 34. Rxg4 Rg8 35. Kh2 Qh5+ 36. Kg3 Rxg4+ 37. Qxg4 Qxg4+ 38. Kxg4 Nd6 39. c5 Rg8+ 40. Kf3 Nf5 41. Rb1 Re8 42. Rb7 Kg8 43. Rxc7 e4+ 44.
Ke2 Nxh6 45. Bxf6 Nf7 46. d6 h5 47. d7 Re6 48. d8=Q+ Nxd8 49. Bxd8 Rh6 50. Bh4 Rg6 51. Rc8+ Kf7 52. c6 Ke6 53. c7 Kd7 54. Rh8 Kxc7 55.
Rxh5 Kc6 56. Re5 Rg4 57. Bg3 Kb6 58. Ke3 a5 59. Rxe4 Rg8 60. Re6+ Kb5 61. Be5 a4 62. f4 Kc4 63. Ra6 Kb5 64. Ra7 Rg3+ 65. Ke4 Rg1 66. a3 Re1+ 67. Kf5 Re3 68. Bd6 Kc6 69. Bb4 Kb5 70. Ra5+ Kc4 71. Rxa4 Kd5 72. Ra5+ Kc6 73. Re5 Kd7 74. Rxe3 1-0

[Event "Late-Titled-Tuesday-Blitz-June-18-2024"]
[Site "Chess.com"]
[Date "2024.06.18"]
[Round "2"]
[White "Lupul_Cenusiu"]
[Black "JCVanDamme10"]
[Result "1-0"]
[WhiteElo "2686"]
[BlackElo "2382"]
[TimeControl "180+1"]
[EndTime "14:20:20 PDT"]
[Termination "Lupul_Cenusiu won by resignation"]

1. e4 c5 2. Nc3 Nc6 3. Bb5 Nd4 4. Nf3 g6 5. Nxd4 cxd4 6. Ne2 Bg7 7. O-O e6 8. c3 dxc3 9. dxc3 Ne7 10. Bf4 O-O 11. Bd6 Re8 12. Qd2 a6 13. Ba4 b5 14. Bc2 Bb7 15.
Rad1 Nc6 16. f4 b4 17. Kh1 bxc3 18. Nxc3 Nd4 19. Ba4 Bc6 20. Be5 Bxe5 21. fxe5 Bxa4 22. Nxa4 Nc6 23. Qf4 Qe7 24. Nb6 Rad8 25. Rd6 h5 26.
Rfd1 g5 27. Qg3 h4 28. Qc3 Nb8 29. Qc7 Qf8 30. Nxd7 Nxd7 31. Rxd7 Rxd7 32. Qxd7 Rb8 33. b3 Qc8 34. Qe7 Qc2 35. Qxg5+ Kf8 36. Qh6+ Kg8 37.
Qg5+ Kf8 38. Rc1 Qxe4 39. h3 a5 40. Rc7 Re8 41. Qh6+ Kg8 42. Qg5+ Kf8 43. Rc4 Qe1+ 44.
Kh2 Qg3+ 45. Qxg3 hxg3+ 46. Kxg3 Rd8 47. Rc5 Rd3+ 48. Kh2 a4 49. bxa4 Ra3 50. Ra5 Kg7 51. Ra8 Rxa2 52. a5 Ra4 53. a6 Ra5 54. a7 Ra6 55.
Kg3 Ra4 56. Kf3 Ra3+ 57. Kg4 Ra4+ 58. Kh5 Ra5 59. Kg4 Ra4+ 60. Kg3 Ra3+ 61. Kh2 Ra2 62. h4 Ra4 63. Kh3 Ra3+ 64. g3 Ra4 65. h5 Ra3 66.
Kh4 Ra4+ 67. g4 Ra5 68. Kg3 Ra4 69.
h6+ Kh7 70. Kh4 Ra5 71. Rf8 Kxh6 72. a8=Q Rxa8 73. Rxa8 Kg7 74. Kg5 1-0

[Event "Late-Titled-Tuesday-Blitz-June-18-2024"]
[Site "Chess.com"]
[Date "2024.06.18"]
[Round "2"]
[White "Mysterio47"]
[Black "Zampronha1971"]
[Result "1-0"]
[WhiteElo "2839"]
[BlackElo "2407"]
[TimeControl "180+1"]
[EndTime "14:20:21 PDT"]
[Termination "Mysterio47 won on time"]

1. e4 c5 2. Nf3 e6 3. d4 cxd4 4. Nxd4 Nc6 5. Nc3 Qc7 6. Be3 a6 7. Qf3 Nf6 8. O-O-O b5 9. Nxc6 dxc6 10. Bd3 b4 11. Ne2 c5 12. Bc4 Bb7 13. Ng3 Be7 14. Bf4 Qb6 15. Rhe1 O-O 16. Nh5 Nxh5 17. Qxh5 g6 18.
Qh6 Bf6 19. Rd6 Qa5 20. e5 Bg7 21. Qh3 Rad8 22. Red1 Bd5 23. Qd3 Rxd6 24. exd6 Bd4 25. Be3 Bxe3+ 26. fxe3 Rd8 27. e4 Bxc4 28. Qxc4 Qb5 29. b3 Qxc4 30. bxc4 Kf8 31. Kb2 Ke8 32. e5 f6 33. exf6 Kf7 34. d7 Kxf6 35. Rd6 Ke7 36. Rc6 Rxd7 37. Rxc5 Rd2 38. Rc7+ Kd6 39. Rxh7 Rxg2 40.
Kb3 a5 41. Ra7 Rxh2 42. Rxa5 Rh5 43. Ra6+ Ke7 44. Kxb4 g5 45. Ra7+ Kf6 46. c5 Rh2 47. c4 g4 48. c6 g3 49. Ra8 Rh7 50. Rg8 Rg7 51. Rxg7 Kxg7 52. c7 g2 53. c8=Q g1=Q 54. Qxe6 Qb1+ 55. Kc5 Qxa2 56. Qe5+ Kh6 57. Qf4+ Kh5 58. Qe5+ Kh6 59. Qd6+ Kh5 60. Kd5 Qd2+ 61. Kc6 Qa2 62. c5 Qa4+ 63. Kd5 Qa2+ 64. Ke5 Qh2+ 65. Ke6 Qh3+ 66. Ke7 Qh4+ 67. Kd7 Qa4+ 68. c6 Qb5 69. Kc7 Qa5+ 70. Kd7 Qb5 71. Qd1+ Kg5 72. Qd2+ Kh5 73.
Kd6 Qb4+ 74. Qxb4 1-0

[Event "Late-Titled-Tuesday-Blitz-June-18-2024"]
[Site "Chess.com"]
[Date "2024.06.18"]
[Round "2"]
[White "IMRosen"]
[Black "LoonsDeKoeben"]
[Result "0-1"]
[WhiteElo "2747"]
[BlackElo "2420"]
[TimeControl "180+1"]
[EndTime "14:20:23 PDT"]
[Termination "LoonsDeKoeben won on time"]

1. e4 c5 2. Nc3 a6 3. g3 b5 4. Bg2 Bb7 5. d3 e6 6. Nh3 Nf6 7. O-O d6 8. f4 b4 9. Na4 Nbd7 10. f5 e5 11. g4 Nb6 12. c4 bxc3 13. bxc3 Nfd7 14. g5 Be7 15. Rb1 Nxa4 16. Qxa4 Qc7 17. f6 gxf6 18. gxf6 Bxf6 19. Rxb7 Qxb7 20. Rxf6 Qb5 21. Qxb5 axb5 22. Rf2 f6 23. Bf3 Ke7 24. Bd1 Rhg8+ 25. Kf1 Nb6 26. Be3 Ra3 27. Bb3 c4 28.
Bxb6 cxb3 29. axb3 Rxb3 30. Ba5 Ra8 31. Bb4 Ra1+ 32.
Kg2 Rd1 33. Rf3 Rb2+ 34. Nf2 Ke6 35. Ba5 Ke7 36. h4 h5 37. Bb4 Ra1 38. Rg3 Raa2 39.
Rf3 Ra8 40. Kf1 Ra1+ 41. Kg2 Ra8 42. Rf5 Raa2 43. Kg3 Rd2 44. Rf3 Rdc2 45. d4 exd4 46. cxd4 Rc4 47. Bc3 b4 48. Be1 Rxd4 49. Rb3 Ra3 50.
Rxa3 bxa3 51. Bc3 Rc4 52. Ba1 Rc1 53. Bd4 Rc2 54. Nd3 Rd2 55. Nb4 Rxd4 56. Nc6+ Ke6 57. Nxd4+ Ke5 58. Nb5 a2 59. Na3 a1=Q 60.
Nc4+ Kxe4 61. Nxd6+ Ke5 62. Nf7+ Kf5 63. Nd6+ Ke6 64.
Ne4 Qa3+ 65. Kg2 Qe3 66. Nf2 f5 67. Kf1 Qf3 68. Kg1 f4 69. Kf1 Qg3 70. Ne4 Qxh4 71. Nf2 Qg3 0-1

[Event "Late-Titled-Tuesday-Blitz-June-18-2024"]
[Site "Chess.com"]
[Date "2024.06.18"]
[Round "2"]
[White "HamedWafa4"]
[Black "picturesquecheck"]
[Result "1-0"]
[WhiteElo "2665"]
[BlackElo "2378"]
[TimeControl "180+1"]
[EndTime "14:20:24 PDT"]
[Termination "HamedWafa4 won on time"]

1. e4 d6 2. d4 Nf6 3. Nc3 g6 4. f4 Bg7 5. Nf3 a6 6. Bd3 b5 7.
e5 Nfd7 8. h4 Bb7 9. h5 dxe5 10.
fxe5 c5 11. hxg6 fxg6 12. Ng5 Nf8 13. Be4 Bxe4 14. Ncxe4 Qxd4 15. Qf3 Qxe5 16. Qf7+ Kd8 17. Bf4 Qxb2 18. Rd1+ Nbd7 19. Ne6+ Nxe6 20. Qxe6 Bd4 21. c3 Rf8 22. Rf1 Bxc3+ 23. Nxc3 Qxc3+ 24. Rd2 Qc1+ 25. Rd1 Qc3+ 26. Bd2 Rxf1+ 27. Kxf1 Qc4+ 28. Qxc4 bxc4 29. Ba5+ Ke8 30. Rc1 Ne5 31. Bc7 Ng4 32. Bf4 e5 33. Bd2 Rd8 34. Ke2 Rd4 35. g3 Kd7 36. Bc3 Rd3 37.
Be1 Re3+ 38. Kd2 c3+ 39. Kd1 Kc6 40. Bxc3 Rxg3 41. Ke2 Rg2+ 42. Kf3 Rxa2 43. Kxg4 Ra3 44. Bxe5 Ra4+ 45. Kg5 Re4 46. Kf6 Kd5 47. Rd1+ Kc4 48. Ra1 Kb5 49. Ke6 Ra4 50. Rb1+ Rb4 51. Rd1 a5 52. Kd5 a4 53. Bc3 Rb3 54. Rc1 a3 55. Be5 a2 56. Rxc5+ Kb6 57. Rc6+ Kb7 58. Rc7+ Kb6 59. Rc1 Kb7 60. Bd4 Rb5+ 61. Kd6 Ra5 62. Rc7+ Kb8 63. Rc1 a1=Q 64. Bxa1 Ra6+ 65. Kd7 Ra7+ 66.
Kd6 Ra6+ 67. Kd5 Ra7 68. Be5+ Ka8 69. Rb1 Ra5+ 70. Ke6 Ra6+ 71. Bd6 h5 72. Kd7 h4 73. Bc5 g5 74. Kc7 1-0

[Event "Late-Titled-Tuesday-Blitz-June-18-2024"]
[Site "Chess.com"]
[Date "2024.06.18"]
[Round "2"]
[White "mightysmasher"]
[Black "JunjiCol"]
[Result "1-0"]
[WhiteElo "2520"]
[BlackElo "2311"]
[TimeControl "180+1"]
[EndTime "14:20:26 PDT"]
[Termination "mightysmasher won by resignation"]

1. e4 e5 2. Nf3 d5 3. exd5 Nf6 4. d3 Qxd5 5. Nc3 Bb4 6. Bd2 Bxc3 7. Bxc3 O-O 8. Be2 e4 9. dxe4 Qxd1+ 10. Rxd1 Nxe4 11. Be5 c5 12. O-O Nc6 13. Bf4 Bf5 14. Be3 Rad8 15. Nh4 Be6 16. Bf3 f5 17. Bxe4 fxe4 18. Bxc5 g5 19.
Bxf8 Rxf8 20. Rd6 Bc8 21. Re1 gxh4 22. Rxe4 Bf5 23. Rxh4 Re8 24. h3 Re2 25. Rf4 Bg6 26. Rd7 Rxc2 27. Rxb7 Ne5 28. Rd4 Nf7 29. Ra4 Nd6 30. Rd7 Nb5 31. Rb4 a6 32. a4 Nc7 33.
Rb8+ Ne8 34. b4 Ra2 35. b5 Rxa4 36. b6 Rb4 37. b7 Kf8 38. Ra8 a5 39. Rxa5 Be4 40.
Re5 Rxb7 41. Rd8 Re7 42. Rxe7 Kxe7 43. Rd1 Bg6 44. f4 Nf6 45. Kf2 Ne4+ 46. Ke3 Nd6 47.
g4 Bf7 48. f5 h6 49. Kf4 Bb3 50. Re1+ Kf6 51. h4 Nf7 52. Rb1 Bc4 53. Rb6+ Kg7 54. g5 hxg5+ 55. hxg5 Bd3 56. Rb7 Kg8 57. Rb8+ Kg7 58.
Rb3 Bc4 59. Rc3 Bd5 60. g6 Nd6 61. Rd3 Nxf5 62. Kxf5 Bb3 63. Rxb3 Kh6 64. Rh3+ Kg7 65. Rh7+ Kf8 66. Kf6 Ke8 67. g7 Kd7 68. g8=Q+ Kd6 69. Qd8+ Kc5 70. Rc7+ 1-0

[Event "Late-Titled-Tuesday-Blitz-June-18-2024"]
[Site "Chess.com"]
[Date "2024.06.18"]
[Round "2"]
[White "BerlinDrawer"]
[Black "SchmakAttack"]
[Result "0-1"]
[WhiteElo "2564"]
[BlackElo "2827"]
[TimeControl "180+1"]
[EndTime "14:20:27 PDT"]
[Termination "SchmakAttack won by resignation"]

1. d4 e6 2. e4 d5 3. exd5 exd5 4. Bf4 Nc6 5. c3 Bf5 6. Bd3 Bxd3 7. Qxd3 Qd7 8. Nd2 O-O-O 9. O-O-O Nge7 10. h4 h5 11. Ngf3 Qf5 12. Qxf5+ Nxf5 13. Rde1 f6 14. Re2 Bd6 15.
Bxd6 Nxd6 16. Rhe1 b6 17. Kc2 a5 18. a4 Kd7 19. Kd3 Rhe8 20. g3 Rxe2 21. Rxe2 Ne7 22. Re1 Rb8 23. Rg1 c5 24. g4 hxg4 25. Rxg4 Nef5 26.
c4 Kc6 27. b3 Re8 28. cxd5+ Kxd5 29. Nc4 Kc6 30. Ne3 cxd4 31. Nxd4+ Nxd4 32. Kxd4 Re7 33. f3 b5 34. Rg1 bxa4 35. bxa4 Rb7 36. Rc1+ Kd7 37. Nd5 Nf5+ 38. Kc5 Nxh4 39. Rc3 Rb1 40. Rd3 Ke6 41. Nc7+ Kf5 42. Nb5 Rb4 43. Nd4+ Kg6 44. Ra3 Nf5 45. Nc6 Rf4 46. Nxa5 Nd4 47. Nc4 Nxf3 48.
a5 Ne5 49. Nxe5+ fxe5 50. a6 Rf8 51. Kd5 Kh5 52. Kxe5 g5 53. a7 Ra8 54. Kf5 g4 55. Ke6 Kh4 56. Kd6 g3 57. Kc6 g2 58. Ra4+ Kh5 59. Ra5+ Kh6 60. Ra1 Rxa7 61. Rg1 Rg7 62. Kd5 Kh5 63. Ke4 Kh4 64. Kf3 Kh3 65. Kf2 Kh2 66.
Re1 Rf7+ 0-1

[Event "Late-Titled-Tuesday-Blitz-June-18-2024"]
[Site "Chess.com"]
[Date "2024.06.18"]
[Round "2"]
[White "GianmarcoVaR"]
[Black "kaanadayhamle"]
[Result "1/2-1/2"]
[WhiteElo "2701"]
[BlackElo "2399"]
[TimeControl "180+1"]
[EndTime "14:20:27 PDT"]
[Termination "Game drawn - insufficient material"]

1. Nf3 Nf6 2. g3 d5 3. Bg2 Bf5 4. c4 dxc4 5. Qa4+ c6 6. Qxc4 e6 7.
O-O Nbd7 8. d3 h6 9. Qc2 Be7 10. b3 O-O 11. Bb2 Bh7 12. Nbd2 Nd5 13. a3 Bf6 14. Rac1 Bxb2 15. Qxb2 a5 16. Rfd1 N7f6 17. Nc4 Qc7 18. e4 Nb6 19. Qe5 Qxe5 20. Nfxe5 Nxc4 21. bxc4 Rfd8 22. Rb1 Nd7 23. Nxd7 Rxd7 24. Kf1 Rad8 25.
Ke2 Kf8 26. Bh3 Ke7 27. c5 g5 28. Ke3 h5 29. f3 Kf6 30. d4 Kg7 31. Rb2 Bg6 32.
Rdd2 Kf6 33. Bf1 Kg7 34. Bc4 Kf6 35. Rb3 Kg7 36. Rbb2 Kf6 37. Rd1 Kg7 38. Rf2 Bh7 39. Rdd2 Bg6 40. Rf1 Bh7 41. Rh1 Bg6 42. h4 g4 43.
fxg4 hxg4 44. Rf1 Rb8 45. Rb1 Rbd8 46. Rh1 Bh5 47. Rb1 Bg6 48. Rf1 Rb8 49. Rfd1 b5 50.
cxb6 Rxb6 51. Rc1 Rdb7 52. Rc3 Rb1 53. Be2 R7b3 54. Rdd3 Rxc3 55. Rxc3 f5 56. Rxc6 Rb3+ 57. Kf4 Rxa3 58. Rxe6 fxe4 59. Kg5 Bf7 60. Re7 Rc3 61. d5 Kf8 62. d6 Rc6 63. Re5 Rxd6 64. Bxg4 Rd5 65. Kf6 Rxe5 66. Kxe5 a4 67. Kd4 a3 68. Kc3 a2 69. Kb2 Bc4 70. Bd1 e3 71. g4 e2 72.
Bxe2 Bxe2 73. g5 Bh5 74. g6 Bxg6 75. Kxa2 Kg7 76. h5 Kh6 77. hxg6 Kxg6 1/2-1/2

[Event "Late-Titled-Tuesday-Blitz-June-18-2024"]
[Site "Chess.com"]
[Date "2024.06.18"]
[Round "2"]
[White "chess94cu"]
[Black "BilodeauA"]
[Result "0-1"]
[WhiteElo "2622"]
[BlackElo "3005"]
[TimeControl "180+1"]
[EndTime "14:20:30 PDT"]
[Termination "BilodeauA won by checkmate"]

1. e4 e5 2. Nf3 Nc6 3. d4 exd4 4.
Bc4 Nf6 5. c3 Nxe4 6. O-O d5 7.
Re1 Be7 8. Bb5 O-O 9. Bxc6 bxc6 10. Nxd4 Bd7 11. f3 Nf6 12. Bg5 c5 13. Nc2 Be6 14.
Nd2 Rb8 15. Nb3 Qd6 16. Rb1 h6 17. Bh4 Rfe8 18. Qd2 Nd7 19. Bxe7 Rxe7 20. Ne3 Ree8 21. Rbd1 c6 22. Qf2 Qc7 23. f4 c4 24. Nd4 Nf6 25.
Nef5 Bxf5 26. Nxf5 Ne4 27. Qh4 Qd8 28. Qg4 Qf6 29. Re2 Kh7 30. Rde1 Red8 31. Ng3 Nxg3 32. Qxg3 c5 33. Re7 d4 34. cxd4 cxd4 35. h3 d3 36. Rxa7 d2 37. Rd1 Qd4+ 38. Qf2 Rxb2 39. Qxd4 Rxd4 40. Rc7 Rxa2 41. Kf2 Rxf4+ 42. Ke3 Rf6 43.
Rxc4 Re6+ 44. Kf2 Rd6 45. Rf4 Ra7 46. Re4 Rad7 47. Ke2 h5 48. h4 Kg6 49. g4 hxg4 50. Rxg4+ Kh6 51. Re4 g6 52. Rf4 f5 53. Rc4 Kh5 54. Ke3 Rd3+ 55. Ke2 R3d4 56. Rc6 R7d6 57. Rc8 Kxh4 58. Kf3 Kg5 59. Ke3 Re4+ 60. Kf3 Rd3+ 61. Kf2 Kf4 62. Rc6 g5 63. Rc8 Rf3+ 64. Kg2 Re2+ 65.
Kg1 Re1+ 66. Kg2 Rxd1 67. Rc4+ Ke5 68. Kxf3 Re1 69. Kg2 d1=Q 70. Rc5+ Kd6 71. Rc3 Qd2+ 72. Kf3 Qxc3+ 73. Kf2 Qd2+ 74. Kf3 Re3# 0-1

[Event "Late-Titled-Tuesday-Blitz-June-18-2024"]
[Site "Chess.com"]
[Date "2024.06.18"]
[Round "2"]
[White "Lennis93"]
[Black "ChEsper99"]
[Result "0-1"]
[WhiteElo "2655"]
[BlackElo "2259"]
[TimeControl "180+1"]
[EndTime "14:20:31 PDT"]
[Termination "ChEsper99 won on time"]

1. a3 a6 2. d4 d5 3. Nf3 Nf6 4. g3 Bf5 5. Bg2 e6 6. c4 Be7 7.
Nc3 c6 8. c5 h6 9. h4 Ne4 10.
Bf4 Nxc3 11. bxc3 Be4 12. Qb3 Ra7 13. O-O Nd7 14. h5 O-O 15. Ne5 Nxe5 16. Bxe4 Nd7 17. Bb1 Re8 18. Qc2 Nf8 19. Kg2 Bg5 20. e3 Bxf4 21. exf4 b6 22. cxb6 Qxb6 23. Qa4 Qb5 24. Bc2 Qxa4 25. Bxa4 Rb8 26. Rab1 Rab7 27. Bc2 Rxb1 28.
Rxb1 Rxb1 29. Bxb1 Nd7 30. g4 f6 31. Kf3 Kf7 32. Bd3 a5 33. Ba6 Ke7 34. Ke3 Kd6 35. Kd3 c5 36. Bb5 cxd4 37. cxd4 Nb6 38. Kc3 Na8 39. Kb3 Nb6 40. Kc3 e5 41. Kd3 e4+ 42. Kc3 Ke6 43. Bc6 Kd6 44. Bb5 Ke6 45. Kb3 Kd6 46.
Be8 Ke6 47. Bb5 Kd6 48. f5 Kc7 49. Kc3 Kd6 50. Kd2 Kc7 51. Ke3 Kd6 52. f3 exf3 53.
Kxf3 Kc7 54. Ke3 Kd6 55. Kd3 Kc7 56. Kc3 Kd6 57. Kb3 Kc7 58. Ba6 Kd6 59. Be2 Kc6 60. Kc3 Kd6 61. Bb5 Kc7 62. Kd2 Kd6 63. Ke3 Kc7 64. Kf4 Kd6 65. a4 Kc7 66. g5 hxg5+ 67. Kg4 Kd6 68. h6 gxh6 69. Kh5 Ke7 70. Kxh6 g4 71.
Kh5 g3 72. Bf1 Nxa4 73. Kg4 Nc3 74. Kxg3 a4 0-1

[Event "Late-Titled-Tuesday-Blitz-June-18-2024"]
[Site "Chess.com"]
[Date "2024.06.18"]
[Round "2"]
[White "lupta_robin"]
[Black "Beaterawn"]
[Result "0-1"]
[WhiteElo "2605"]
[BlackElo "2384"]
[TimeControl "180+1"]
[EndTime "14:20:44 PDT"]
[Termination "Beaterawn won by resignation"]

1. b3 e5 2. Bb2 Nc6 3. e3 Nf6 4. Nf3 Bd6 5. d4 exd4 6. Nxd4 O-O 7. Nc3 Be5 8. Nf3 d6 9. Nxe5 dxe5 10. Qxd8 Rxd8 11.
Bd3 Nb4 12. Ke2 Nxd3 13. cxd3 Be6 14. Nb5 Bd7 15. Nxc7 Rac8 16. Bxe5 Ng4 17. Bg3 Bc6 18. f3 Nh6 19. e4 Rd7 20. Rac1 Rcd8 21. Rhd1 f5 22. Ne6 Re8 23. Nc5 Rf7 24. h4 fxe4 25. dxe4 Nf5 26. Bf2 Ne7 27. a4 Nd5 28. Kf1 Nf4 29. Rd2 h6 30. Nd3 Ne6 31. Nb4 Bd7 32. Rcd1 Bc8 33. Bxa7 b5 34. Bf2 bxa4 35. bxa4 Rb7 36.
Nd5 Rb3 37. Ra2 g5 38. hxg5 hxg5 39. a5 Ba6+ 40. Kg1 Reb8 41. Rc2 Nf4 42. Nxf4 gxf4 43. Rc6 Be2 44. Re1 Rb1 45. Rf6 Rxe1+ 46. Bxe1 Rb1 47. Kf2 Bc4 48. Rxf4 Rb2+ 49. Kg1 Rb1 50. Kf2 Rb2+ 51. Kg3 Bf1 52. Rg4+ Kf7 53. Kh2 Ra2 54. Bb4 Ke6 55. Kg1 Be2 56. Rg5 Kf6 57. Bc3+ Kxg5 58. Kh2 Bxf3 59. Kg3 Bxe4 60. Bd4 Rxg2+ 61. Kh3 Ra2 62. Bb6 Ra3+ 63. Kh2 Kg4 64. Bc7 Ra2+ 65. Kg1 Kf3 66. Bb6 Rg2+ 67. Kf1 Re2 68. Kg1 Bf5 69. Bc7 Ra2 70.
Bb6 Bd3 71. Kh1 Rg2 72. Bc7 Ba6 73. Bb6 Kg3 74. Bc7+ Kh3 75. Bb6 Ra2 76. Kg1 Bd3 77. Bc7 Kg4 78. Bb6 Kf3 79. Bc7 Ra1+ 80. Kh2 Be4 81. Bb6 Kf4 82. Bc7+ Kg4 0-1

[Event "Late-Titled-Tuesday-Blitz-June-18-2024"]
[Site "Chess.com"]
[Date "2024.06.18"]
[Round "2"]
[White "Patricius007"]
[Black "Mops_2004"]
[Result "0-1"]
[WhiteElo "2562"]
[BlackElo "2818"]
[TimeControl "180+1"]
[EndTime "14:20:51 PDT"]
[Termination "Mops_2004 won on time"]

1. e4 g6 2. d4 Bg7 3. Be3 d6 4. Qd2 Nc6 5. Nc3 e5 6. d5 Nce7 7. f3 f5 8. Bd3 Nf6 9. Nge2 O-O 10. O-O-O Kh8 11. h4 f4 12. Bf2 Nh5 13. Rdf1 a6 14. g3 fxg3 15. Nxg3 Nxg3 16. Bxg3 Ng8 17. h5 Bh6 18. f4 exf4 19. Bf2 g5 20. Kb1 Bg7 21. Ne2 h6 22. Bd4 Be5 23. Qc3 Qe7 24. Bxe5+ dxe5 25. Nc1 Nf6 26. Re1 Bg4 27. Rhf1 Bxh5 28.
Bc4 Bg6 29. Nd3 Rae8 30. Rh1 Kg7 31. Nf2 h5 32. Bd3 g4 33. Reg1 g3 34. Nh3 Ng4 35.
Nxf4 Rxf4 36. Rxg3 Ref8 37. a3 Rf3 38. Rgg1 R8f7 39.
Qc4 Qg5 40. Be2 R3f4 41. Bd3 Rf2 42. Qb4 b6 43. Bxa6 Qe3 44. Bd3 Qc5 45. Qa4 R2f6 46.
Qa8 Rf8 47. Qa7 R6f7 48. Qa4 Qd6 49. Qc4 Rf4 50. Qa4 Kh6 51. Ka2 Nf6 52. Qb3 Bxe4 53. Bxe4 Rxe4 54. c4 Rg4 55. Qe3+ Kg6 56. Rf1 e4 57. Qh3 Qe5 58. b3 e3 59. Rh2 e2 60.
Re1 Re8 61. a4 Qg5 62. Rhxe2 Rxe2+ 63. Rxe2 Rg3 64. Qf1 h4 65. Qb1+ Kh6 66. Re6 Rg2+ 67. Ka3 h3 68. Qf1 Kg6 69. d6 cxd6 70. Qb1+ Kf7 71.
Qe1 h2 72. Re7+ Kg6 73. Qe6 h1=Q 74. Qf7+ Kf5 75. Qe6+ Kf4 76. Qe3+ Kg4 77. Qd4+ Kh3 78. Re3+ Rg3 79. Re7 Qhc1+ 80. Kb4 Qe1+ 81. Ka3 Qxe7 0-1

[Event "Late-Titled-Tuesday-Blitz-June-18-2024"]
[Site "Chess.com"]
[Date "2024.06.18"]
[Round "2"]
[White "DanylaBagrov"]
[Black "mestrefeitosa19"]
[Result "1/2-1/2"]
[WhiteElo "2507"]
[BlackElo "2303"]
[TimeControl "180+1"]
[EndTime "14:20:55 PDT"]
[Termination "Game drawn - insufficient material"]

1. e4 e5 2. Nf3 Nc6 3. d3 Nf6 4. Be2 Bc5 5. O-O h6 6. c3 O-O 7. d4 Bb6 8. dxe5 Nxe4 9. Qc2 d5 10. exd6 Nxd6 11. Bf4 Bf5 12. Bd3 Qf6 13. Bxd6 Bxd3 14. Qxd3 cxd6 15. Nbd2 Ne5 16. Qd5 Rab8 17. Rad1 Rfd8 18.
Rfe1 Qf5 19. Qe4 Qf6 20. Re2 Re8 21. Kh1 Ng4 22. Qxe8+ Rxe8 23. Rxe8+ Kh7 24. Ne4 Qg6 25. h3 Qxe4 26. Rxe4 Nxf2+ 27. Kh2 Nxe4 28. a4 Nf2 29. Rd2 Ne4 30. Re2 f5 31. Nd4 g6 32. Nc2 Nc5 33. a5 Bc7 34. Ne3 Ne4 35. Nd5 Bxa5 36. b4 Bd8 37. c4 a5 38. b5 b6 39. Re3 Kg7 40.
Rd3 Kf7 41. Nc3 Nc5 42. Rd5 Ke6 43. Kg1 a4 44. Rd2 Ke5 45. Ra2 Kd4 46. Nxa4 Kxc4 47. Nxc5 dxc5 48. Rb2 Bf6 49. Rb1 Kc3 50. Kf2 c4 51. Ke3 Kc2 52. Rb4 c3 53. Rc4 Kb2 54.
Kd3 Be5 55. Rc6 Bg7 56. h4 Kb3 57. Rxb6 Kb2 58. Rc6 Bf6 59. b6 Bxh4 60. b7 Bg3 61. Rxc3 g5 62. Rc6 h5 63. Rg6 g4 64.
Rg5 h4 65. Rxf5 h3 66. gxh3 gxh3 67. Rh5 h2 68. Kc4 Kc2 69. Kb5 Kd2 70. Kc6 Ke2 71.
Kd7 Kf2 72. Kc8 Kg1 73. Rg5 Kh1 74. Kd8 Bf4 75. Rg4 Bd6 76. Kd7 Be5 77. Rg6 Bf4 78.
Rd6 Bxd6 79. Kxd6 Kg2 80. b8=Q h1=Q 81. Qb7+ Kh2 82. Qh7+ Kg2 83. Qe4+ Kh2 84. Qf4+ Kg2 85. Ke5 Qh2 86. Qxh2+ Kxh2 1/2-1/2

[Event "Late-Titled-Tuesday-Blitz-June-18-2024"]
[Site "Chess.com"]
[Date "2024.06.18"]
[Round "2"]
[White "lucasran"]
[Black "XDPS"]
[Result "0-1"]
[WhiteElo "2593"]
[BlackElo "2894"]
[TimeControl "180+1"]
[EndTime "14:21:04 PDT"]
[Termination "XDPS won on time"]

1. c4 e6 2. g3 d5 3. Bg2 h6 4.
Nf3 Nf6 5. O-O Bd6 6. b3 O-O 7. Bb2 b6 8. d4 Bb7 9. Nc3 a5 10.
Qc2 Nc6 11. a3 Re8 12. Rad1 Ne7 13. Ne5 Qc8 14. Nb5 Qb8 15. cxd5 exd5 16. Rc1 c6 17. Nxd6 Qxd6 18. a4 Rac8 19. Nd3 Ng6 20. e3 Ne4 21. Ne5 Nxe5 22. dxe5 Qe7 23. Bxe4 dxe4 24. Qxe4 c5 25. Qg4 Bd5 26. Rfd1 Be6 27. Qf4 Bxb3 28. Rd6 Rb8 29. Rc3 Be6 30. Rcd3 Qg5 31. Qxg5 hxg5 32. f4 Bf5 33.
Rb3 Re6 34. Bc3 Bc2 35. Rb2 Bxa4 36. Bxa5 b5 37. Bc7 Rc8 38. Ba5 b4 39. Kf2 gxf4 40.
gxf4 b3 41. Bc3 c4 42. f5 Re7 43. e4 Bc6 44. Ke3 Ra7 45. Rdd2 Ra1 46. Rg2 Rc1 47. Bd4 Re1+ 48. Rbe2 Rxe2+ 49. Rxe2 Bb5 50. Bc3 Rd8 51. Rd2 Ra8 52. Kf4 Kh7 53. e6 fxe6 54. fxe6 Re8 55. Ke5 Bc6 56. Rg2 Bd7 57. Kf4 Bxe6 58. Rxg7+ Kh6 59.
Rg2 Bf7 60. e5 Bg6 61. Re2 Re6 62. Rg2 Kg7 63. Rd2 Kf7 64. Rd7+ Ke8 65. Rc7 Bd3 66.
Rb7 Rh6 67. Kg5 Rxh2 68. Kf6 Rh6+ 69. Kg5 Rc6 70. Rb8+ Kd7 71. Rb7+ Ke6 72. Kf4 Kd5 73. Ke3 Rh6 74. Rb5+ Kc6 75. Ra5 Rh3+ 76. Kd4 Rh4+ 77. Ke3 Re4+ 78. Kf3 Re2 79. Ra6+ Kb5 80. Ra5+ Kb6 81.
Ra8 Rc2 82. Rb8+ Kc7 83. Ba5+ Kxb8 84. e6 Bg6 85. e7 Be8 0-1

[Event "Late-Titled-Tuesday-Blitz-June-18-2024"]
[Site "Chess.com"]
[Date "2024.06.18"]
[Round "2"]
[White "HalfIsCrayfish"]
[Black "Yaacovn"]
[Result "1/2-1/2"]
[WhiteElo "2559"]
[BlackElo "2796"]
[TimeControl "180+1"]
[EndTime "14:21:04 PDT"]
[Termination "Game drawn by repetition"]

1. d4 Nf6 2. c4 e5 3. dxe5 Ne4 4. e3 d6 5. Nd2 Nxd2 6. Qxd2 dxe5 7. Qxd8+ Kxd8 8.
Bd2 c6 9. O-O-O Kc7 10. Bd3 Be6 11. Bc3 Nd7 12. f4 f6 13. Nf3 exf4 14. exf4 Nc5 15. Be2 Ne4 16. Bd4 Re8 17. Rhe1 Bb4 18. Rf1 Bf7 19. a3 Bc5 20. Bd3 Bxd4 21. Nxd4 Nc5 22. b3 Rd8 23. Bc2 Rhe8 24. Nf3 a5 25. Rxd8 Rxd8 26.
Re1 Bh5 27. Re7+ Rd7 28. Rxd7+ Kxd7 29. Nd4 Bg6 30. Bxg6 hxg6 31. Kd2 Kd6 32. Ke3 Nd7 33. b4 a4 34. g4 c5 35. Nb5+ Kc6 36. Nc3 cxb4 37. axb4 a3 38. Kd4 g5 39. fxg5 fxg5 40.
c5 Nf6 41. b5+ Kd7 42. h3 Ke6 43. Kc4 Ne4 44. Na2 Ke5 45. Nb4 Ke6 46. Na2 g6 47.
Nb4 Nd2+ 48. Kc3 Nf3 49. Kb3 Ng1 50. Kxa3 Nxh3 51. Ka4 Nf2 52. Ka5 Nxg4 53. Kb6 Ne5 54. Kxb7 g4 55. c6 Nf7 56. c7 Nd6+ 57. Kb8 g3 58. Nd3 Kf5 59. Ne1 Ke4 60. c8=Q Nxc8 61. Kxc8 Ke3 62. b6 Kf2 63. Nd3+ Ke3 64. Ne1 Kf2 65. b7 Kxe1 66. b8=Q g2 67. Qg3+ Kf1 68. Qf3+ Kg1 69. Kd7 Kh2 70. Qf4+ Kh3 71. Qe3+ Kh2 72.
Qe5+ Kh3 73. Qe6+ Kh2 74. Qd6+ Kh1 75. Qc6 Kh2 76. Qd6+ Kh1 77. Qd5 Kh2 78. Qe5+ Kh1 79. Qe4 Kh2 80. Qf4+ Kh3 81. Qf3+ Kh2 82. Qf2 g5 83.
Ke6 Kh1 84. Qf3 Kh2 85. Qe2 Kh1 86. Qe5 g1=Q 87. Kf6 g4 88. Kg5 g3 89. Kh4 Qh2+ 90.
Kg4 g2 91. Qe4 Qg1 92. Qh7+ Qh2 93.
Qe4 Qg1 94. Qh7+ Qh2 95. Qe4 1/2-1/2